Vegas Golden Knights vs St.Louis Blues
(R1)
Created - Sunday, November 10, 2024 at 09:40
Goals
|
| Vegas Golden Knights |
1 |
1 |
3 |
0 |
5 |
| St.Louis Blues |
1 |
1 |
3 |
1 |
6 |
|
Shots
|
| Vegas Golden Knights |
6 |
19 |
15 |
0 |
40 |
| St.Louis Blues |
11 |
9 |
18 |
1 |
39 |
|
1st period
1. Vegas Golden Knights , Auston Matthews 37 (Ryan Graves 12, Roman Josi 29) at 8:38
2. St.Louis Blues , Jack Eichel 19 (Mark Stone 36) at 8:58
Penalties :
Thomas Chabot (VGK) for Holding (Minor) at 3:04, Trevor Lewis (VGK) for Tripping (Minor) at 17:38
2nd period
3. St.Louis Blues , Lars Eller 9 (Alex Pietrangelo 13, Connor Hellebuyck) at 7:08
4. Vegas Golden Knights , Danton Heinen 9 (Thomas Chabot 16, Sean Couturier 31) at 10:05
Penalties :
Mark Stone (STL) for High sticking (Minor) at 14:21
3rd period
5. St.Louis Blues , Jake Guentzel 32 (Elias Pettersson 45) at 3:44 (PP)
6. St.Louis Blues , Claude Giroux 24 (Alex Pietrangelo 14, Elias Lindholm 32) at 4:58
7. Vegas Golden Knights , Pierre-edouard Bellemare 7 (Shea Theodore 13, John Marino 15) at 8:42
8. Vegas Golden Knights , Sean Monahan 28 (Shea Theodore 14) at 12:48
9. St.Louis Blues , Jake Guentzel 33 (Robert Thomas 49) at 18:18 (PP)
10. Vegas Golden Knights , Bryan Rust 23 (Roman Josi 30, Auston Matthews 44) at 19:32
Penalties :
Jordan Staal (VGK) for Tripping (Minor) at 1:26, Thomas Chabot (VGK) for Hooking (Minor) at 3:38, Jack Eichel (STL) for High sticking (Minor) at 8:45, Tage Thompson (STL) for Tripping (Minor) at 15:18, Curtis Lazar (VGK) for Tripping (Minor) at 17:28
Overtime #1
11. St.Louis Blues , Jack Eichel 20 (Jake Sanderson 23) at 0:04
Penalties :
No Penalty
Goalie Stats
Cayden Primeau (VGK), 33 saves from 39 shots - (0.846), OTL, 24-4-5, 59:07 minutes
Connor Hellebuyck (STL), 35 saves from 40 shots - (0.875), W, 26-8-5, 60:04 minutes
Players Stats for Vegas Golden Knights
Player Name G A P +/- PIM S H SB GA TA FO MP PP MP PK MP
------------------------------------------------------------------------------------
Auston Matthews 1 1 2 0 0 7 1 0 1 0 12/20 17:08 3:07 0:17
Bryan Rust 1 0 1 0 0 4 0 0 1 0 0/2 16:51 3:07 0:00
Curtis Lazar 0 0 0 1 2 0 0 0 0 0 0/0 9:33 0:03 1:54
Danton Heinen 1 0 1 0 0 1 2 0 0 0 0/0 12:17 0:10 0:00
John Marino 0 1 1 2 0 1 2 0 0 1 0/0 19:51 2:28 3:07
Jordan Staal 0 0 0 0 2 1 0 0 2 1 2/2 14:23 0:00 2:04
Marc-Edouard Vlasic 0 0 0 0 0 0 0 4 0 0 0/0 19:08 0:00 3:45
Pierre-edouard Bellemare 1 0 1 1 0 2 2 0 0 0 7/13 10:47 0:00 3:46
Reilly Smith 0 0 0 0 0 0 2 0 2 0 0/2 16:01 3:07 0:00
Roman Josi 0 2 2 -1 0 2 1 1 0 1 0/0 21:16 3:29 0:12
Ryan Graves 0 1 1 -1 0 2 2 0 0 0 0/0 20:04 0:00 2:56
Sean Couturier 0 1 1 0 0 5 1 1 0 1 8/14 14:48 0:00 2:34
Sean Monahan 1 0 1 1 0 5 2 0 0 0 9/18 17:12 2:47 0:00
Shea Theodore 0 2 2 2 0 2 0 0 0 1 0/0 18:03 3:29 0:54
Thomas Chabot 0 1 1 0 4 0 0 4 0 2 0/0 22:10 2:28 2:52
Trevor Lewis 0 0 0 1 2 1 0 0 0 0 0/1 10:25 0:10 2:26
Tyler Bertuzzi 0 0 0 0 0 1 1 0 0 1 0/0 16:18 2:40 0:00
Tyler Toffoli 0 0 0 0 0 6 0 1 1 0 0/0 17:03 2:40 0:45
Players Stats for St.Louis Blues
Player Name G A P +/- PIM S H SB GA TA FO MP PP MP PK MP
------------------------------------------------------------------------------------
Alex Pietrangelo 0 2 2 2 0 1 1 1 0 2 0/0 24:19 2:10 0:00
Alex Tuch 0 0 0 -1 0 1 1 0 1 0 0/0 12:55 2:10 0:00
Claude Giroux 1 0 1 -1 0 3 0 1 0 0 2/5 14:45 4:43 0:00
Colton Parayko 0 0 0 1 0 3 2 0 1 1 0/0 25:06 0:00 3:20
Dakota Joshua 0 0 0 0 0 0 0 1 0 0 0/1 8:17 0:00 2:49
Elias Lindholm 0 1 1 -2 0 0 4 0 0 0 3/4 16:52 2:49 2:49
Elias Pettersson 0 1 1 1 0 5 4 2 1 0 3/3 21:46 4:04 0:00
Jaccob Slavin 0 0 0 -2 0 1 0 0 0 0 0/0 18:12 0:00 2:37
Jack Eichel 2 0 2 1 2 12 0 1 1 1 13/33 22:31 4:43 0:00
Jake Guentzel 2 0 2 0 0 3 4 0 3 1 0/1 16:39 4:04 0:00
Jake Sanderson 0 1 1 -1 0 2 0 2 0 0 0/0 19:23 0:00 3:20
Lars Eller 1 0 1 -1 0 2 0 0 0 0 1/3 9:38 0:00 3:08
Logan O'Connor 0 0 0 -1 0 0 0 0 0 0 0/0 9:38 0:00 3:08
Mark Stone 0 1 1 0 2 2 0 0 0 0 1/3 20:59 2:49 0:00
Mikhail Sergachev 0 0 0 -1 0 0 1 1 0 0 0/0 9:06 0:00 0:00
Nick Leddy 0 0 0 -1 0 0 0 1 0 1 0/0 11:43 0:00 2:37
Robert Thomas 0 1 1 0 0 3 2 0 1 1 11/18 16:38 4:04 0:00
Tage Thompson 0 0 0 0 2 1 4 1 0 0 0/1 15:49 2:49 0:00
3 Stars
1 - Jake Guentzel (STL)
2 - Jack Eichel (STL)
3 - Alex Pietrangelo (STL)
Power Play
Vegas Golden Knights - 0 on 3 Attempt(s) - 0.00%
St.Louis Blues - 2 on 5 Attempt(s) - 40.00%
Penalty Kill
Vegas Golden Knights - 3 on 5 Attempt(s) - 60.00%
- Score 0 goal in Penalty Kill
St.Louis Blues - 3 on 3 Attempt(s) - 100.00%
- Score 0 goal in Penalty Kill
Team Stat
Vegas Golden Knights - Hits : 16 - Faceoff Wins : 38 - Blocked Shots : 11 - Penalty Minutes : 10
St.Louis Blues - Hits : 23 - Faceoff Wins : 34 - Blocked Shots : 11 - Penalty Minutes : 6
Official
Referees : Beaudry Halkidis and Kevin Pollock
Linesman : Kiel Murchison and Devin Berg
Game Notes
No Game Note
Finance
Level 1 -- Attendance: 5448 (90.80%) -- Ticket Income $517,560
Level 2 -- Attendance: 4553 (91.06%) -- Ticket Income $259,521
Level 3 -- Attendance: 2715 (90.50%) -- Ticket Income $89,595
Level 4 -- Attendance: 4899 (97.98%) -- Ticket Income $112,677
Luxury Box -- Attendance: 922 (92.20%) -- Ticket Income $178,868
Game was played at the Scottrade Center.
Total Attendance: 18537 (92.69%)
Total Ticket Income: $1,158,221
Other Income: $405,377
Total Income: $1,563,598
Vegas Golden Knights
5 vs 5 Forward
Center Left Wing Right Wing Time % Phy DF OF
1 Auston Matthews Bryan Rust Reilly Smith 30 1 2 2
2 Sean Monahan Tyler Toffoli Tyler Bertuzzi 30 1 2 2
3 Sean Couturier Jordan Staal Danton Heinen 25 1 2 2
4 Pierre-edouard Bellemare Curtis Lazar Trevor Lewis 15 1 2 2
5 vs 5 Defense
Defense Defense Time % Phy DF OF
1 Roman Josi Ryan Graves 35 1 2 2
2 Marc-Edouard Vlasic Thomas Chabot 35 1 2 2
3 John Marino Shea Theodore 30 1 2 2
4 Roman Josi Ryan Graves 0 1 2 2
PowerPlay Forward
Center Left Wing Right Wing Time % Phy DF OF
1 Auston Matthews Bryan Rust Reilly Smith 50 1 2 2
2 Sean Monahan Tyler Toffoli Tyler Bertuzzi 50 1 2 2
PowerPlay Defense
Defense Defense Time % Phy DF OF
1 Roman Josi Shea Theodore 50 1 2 2
2 John Marino Thomas Chabot 50 1 2 2
Penalty Kill 4 Players Forward
Center Wing Time % Phy DF OF
1 Sean Couturier Jordan Staal 50 1 2 2
2 Pierre-edouard Bellemare Trevor Lewis 50 1 2 2
Penalty Kill 4 Players Defense
Defense Defense Time % Phy DF OF
1 John Marino Ryan Graves 50 1 2 2
2 Marc-Edouard Vlasic Thomas Chabot 50 1 2 2
Penalty Kill - 3 Players Forward
Forward Time % Phy DF OF
1 Jordan Staal 50 1 2 2
2 Sean Couturier 50 1 2 2
Penalty Kill - 3 Players Defense
Defense Defense Time % Phy DF OF
1 John Marino Ryan Graves 50 1 2 2
2 Marc-Edouard Vlasic Thomas Chabot 50 1 2 2
4 vs 4 Forward
Center Wing Time % Phy DF OF
1 Auston Matthews Bryan Rust 50 1 2 2
2 Sean Monahan Tyler Toffoli 50 1 2 2
4 vs 4 Defense
Defense Defense Time % Phy DF OF
1 Roman Josi Ryan Graves 50 1 2 2
2 Marc-Edouard Vlasic Thomas Chabot 50 1 2 2
Last Minutes Offensive
Center Left Wing Right Wing Defense Defense
Auston Matthews Bryan Rust Sean Monahan Roman Josi Thomas Chabot
Last Minutes Defensive
Center Left Wing Right Wing Defense Defense
Sean Couturier Jordan Staal Pierre-edouard Bellemare John Marino Ryan Graves
Goaltenders
Starting : Cayden Primeau
Backup : Alexandar Georgiev
Extra Forwards
Normal : Danton Heinen, Trevor Lewis, Curtis Lazar - PP : Danton Heinen, Trevor Lewis - PK : Curtis Lazar
Extra Defensemen
Normal : John Marino, Roman Josi, Marc-Edouard Vlasic - PP : John Marino - PK : Shea Theodore, Thomas Chabot
Penalty Shots
Sean Monahan, Tyler Toffoli, Sean Couturier, Reilly Smith, Jordan Staal
Scratches
Maxime Comtois (Healthy), Travis Hamonic (Healthy), Conor Sheary (Healthy)
St.Louis Blues
5 vs 5 Forward
Center Left Wing Right Wing Time % Phy DF OF
1 Jack Eichel Elias Pettersson Mark Stone 40 0 2 3
2 Robert Thomas Jake Guentzel Tage Thompson 30 0 2 3
3 Claude Giroux Alex Tuch Elias Lindholm 25 0 3 2
4 Lars Eller Dakota Joshua Logan O'Connor 5 2 2 1
5 vs 5 Defense
Defense Defense Time % Phy DF OF
1 Colton Parayko Alex Pietrangelo 45 1 2 2
2 Jake Sanderson Jaccob Slavin 35 1 2 2
3 Mikhail Sergachev Nick Leddy 20 1 2 2
4 Nick Leddy Colton Parayko 0 1 2 2
PowerPlay Forward
Center Left Wing Right Wing Time % Phy DF OF
1 Robert Thomas Elias Pettersson Jake Guentzel 60 1 0 4
2 Elias Lindholm Tage Thompson Mark Stone 40 1 0 4
PowerPlay Defense
Defense Defense Time % Phy DF OF
1 Jack Eichel Claude Giroux 60 0 1 4
2 Alex Tuch Alex Pietrangelo 40 0 1 4
Penalty Kill 4 Players Forward
Center Wing Time % Phy DF OF
1 Lars Eller Logan O'Connor 50 1 4 0
2 Elias Lindholm Dakota Joshua 50 1 4 0
Penalty Kill 4 Players Defense
Defense Defense Time % Phy DF OF
1 Jake Sanderson Colton Parayko 50 1 4 0
2 Jaccob Slavin Nick Leddy 50 1 4 0
Penalty Kill - 3 Players Forward
Forward Time % Phy DF OF
1 Elias Lindholm 50 0 5 0
2 Lars Eller 50 0 5 0
Penalty Kill - 3 Players Defense
Defense Defense Time % Phy DF OF
1 Jake Sanderson Colton Parayko 50 0 5 0
2 Nick Leddy Jaccob Slavin 50 0 5 0
4 vs 4 Forward
Center Wing Time % Phy DF OF
1 Jack Eichel Elias Pettersson 50 0 2 3
2 Robert Thomas Jake Guentzel 50 0 2 3
4 vs 4 Defense
Defense Defense Time % Phy DF OF
1 Jake Sanderson Alex Pietrangelo 50 1 2 2
2 Colton Parayko Jaccob Slavin 50 1 2 2
Last Minutes Offensive
Center Left Wing Right Wing Defense Defense
Robert Thomas Elias Pettersson Jake Guentzel Jack Eichel Claude Giroux
Last Minutes Defensive
Center Left Wing Right Wing Defense Defense
Lars Eller Logan O'Connor Elias Lindholm Jake Sanderson Colton Parayko
Goaltenders
Starting : Connor Hellebuyck
Backup : Scott Wedgewood
Extra Forwards
Normal : Robert Thomas, Jake Guentzel, Tage Thompson - PP : Mark Stone, Dakota Joshua - PK : Robert Thomas
Extra Defensemen
Normal : Jake Sanderson, Colton Parayko, Jaccob Slavin - PP : Colton Parayko - PK : Jaccob Slavin, Colton Parayko
Penalty Shots
Elias Pettersson, Tage Thompson, Alex Tuch, Jack Eichel, Jake Guentzel
Scratches
Yanni Gourde (Healthy), Colin Blackwell (Healthy), Adam Pelech (Healthy)
% Time on Ice - Vegas Golden Knights
Lines # - Real PCT - Wanted PCT - Time Play
Normal Forward
1 - 29% - 30% - 13:38
2 - 30% - 30% - 13:49
3 - 26% - 25% - 11:56
4 - 15% - 15% - 7:01
Normal Defense
1 - 36% - 35% - 16:33
2 - 36% - 35% - 16:38
3 - 28% - 30% - 13:13
4 - 0% - 0% - 0:00
PP Forward
1 - 52% - 50% - 3:07
2 - 48% - 50% - 2:50
PP Defense
1 - 59% - 50% - 3:29
2 - 41% - 50% - 2:28
PK Forward
1 - 45% - 50% - 3:07
2 - 55% - 50% - 3:46
PK Defense
1 - 43% - 50% - 2:56
2 - 57% - 50% - 3:57
PK3 Forward
1 - 0% - 50%
2 - 0% - 50%
PK3 Defense
1 - 0% - 50%
2 - 0% - 50%
44 Forward
1 - 100% - 50% - 0:04
2 - 0% - 50% - 0:00
44 Defense
1 - 100% - 50% - 0:04
2 - 0% - 50% - 0:00
Last Minute Offensive - 0:46
Last Minute Defensive - 0:00
Total
Forward - 60:04
Defense - 60:04
|
% Time on Ice - St.Louis Blues
Lines # - Real PCT - Wanted PCT - Time Play
Normal Forward
1 - 39% - 40% - 17:54
2 - 28% - 30% - 12:59
3 - 22% - 25% - 10:02
4 - 12% - 5% - 5:28
Normal Defense
1 - 45% - 45% - 20:59
2 - 35% - 35% - 16:18
3 - 20% - 20% - 9:06
4 - 0% - 0% - 0:00
PP Forward
1 - 59% - 60% - 4:04
2 - 41% - 40% - 2:49
PP Defense
1 - 69% - 60% - 4:43
2 - 31% - 40% - 2:10
PK Forward
1 - 53% - 50% - 3:08
2 - 47% - 50% - 2:49
PK Defense
1 - 56% - 50% - 3:20
2 - 44% - 50% - 2:37
PK3 Forward
1 - 0% - 50%
2 - 0% - 50%
PK3 Defense
1 - 0% - 50%
2 - 0% - 50%
44 Forward
1 - 100% - 50% - 0:04
2 - 0% - 50% - 0:00
44 Defense
1 - 100% - 50% - 0:04
2 - 0% - 50% - 0:00
Last Minute Offensive - 0:00
Last Minute Defensive - 0:47
Total
Forward - 60:04
Defense - 60:04
|
Play-by-Play
1st period
0:01 of 1st period - Auston Matthews wins face-off versus Jack Eichel in neutral zone.
0:26 of 1st period - Ryan Graves is hit by Jake Guentzel and loses puck.
0:53 of 1st period - Slapshot by Sean Couturier.
0:53 of 1st period - Stopped by Connor Hellebuyck with a rebound.
0:57 of 1st period - Slapshot by Sean Couturier.
0:57 of 1st period - Stopped by Connor Hellebuyck without a rebound.
0:58 of 1st period - Lars Eller wins face-off versus Pierre-edouard Bellemare in St.Louis Blues zone.
1:48 of 1st period - Snap shot by Auston Matthews.
1:48 of 1st period - Deflect By Bryan Rust.
1:48 of 1st period - Shot Misses the Net.
1:48 of 1st period - Puck is out of play.
1:49 of 1st period - Robert Thomas wins face-off versus Auston Matthews in St.Louis Blues zone.
2:07 of 1st period - Off-side.
2:08 of 1st period - Claude Giroux wins face-off versus Sean Monahan in neutral zone.
2:11 of 1st period - Alex Pietrangelo is hit by Sean Monahan and loses puck.
2:35 of 1st period - Colton Parayko is hit by Danton Heinen and loses puck.
3:02 of 1st period - Snap shot by Jake Guentzel.
3:02 of 1st period - Shot Misses the Net.
3:04 of 1st period - Minor Penalty to Thomas Chabot for Holding.
3:05 of 1st period - Robert Thomas wins face-off versus Sean Couturier in Vegas Golden Knights zone.
3:22 of 1st period - Jack Eichel is hit by John Marino and loses puck.
3:33 of 1st period - Slapshot by Jack Eichel.
3:33 of 1st period - Stopped by Cayden Primeau with a rebound.
3:35 of 1st period - Slapshot by Jack Eichel.
3:35 of 1st period - Stopped by Cayden Primeau with a rebound.
5:04 of 1st period - Penalty to Thomas Chabot is over, Thomas Chabot is back on ice.
5:41 of 1st period - Logan O'Connor is hit by Reilly Smith and loses puck.
7:33 of 1st period - Trevor Lewis is hit by Tage Thompson and loses puck.
8:34 of 1st period - Snap shot by Sean Couturier.
8:34 of 1st period - Shot Blocked by Alex Pietrangelo.
8:36 of 1st period - Slapshot by Roman Josi.
8:36 of 1st period - Stopped by Connor Hellebuyck with a rebound.
8:38 of 1st period - Slapshot by Ryan Graves.
8:38 of 1st period - Deflect By Auston Matthews.
8:38 of 1st period - Goal by Auston Matthews - Vegas Golden Knights : 1 - St.Louis Blues : 0.
8:39 of 1st period - Sean Monahan wins face-off versus Jack Eichel in neutral zone.
8:42 of 1st period - Wrist shot by Tyler Bertuzzi.
8:42 of 1st period - Shot Misses the Net.
8:44 of 1st period - Wrist shot by Ryan Graves.
8:44 of 1st period - Shot Misses the Net.
8:46 of 1st period - Snap shot by Tyler Bertuzzi.
8:46 of 1st period - Deflect By Tyler Toffoli.
8:46 of 1st period - Stopped by Connor Hellebuyck without a rebound.
8:47 of 1st period - Mark Stone wins face-off versus Sean Monahan in St.Louis Blues zone.
8:58 of 1st period - Wrist shot by Jack Eichel.
8:58 of 1st period - Goal by Jack Eichel - Vegas Golden Knights : 1 - St.Louis Blues : 1.
8:59 of 1st period - Jack Eichel wins face-off versus Sean Monahan in neutral zone.
9:26 of 1st period - Shea Theodore is hit by Jake Guentzel and loses puck.
10:16 of 1st period - Wrist shot by Auston Matthews.
10:16 of 1st period - Shot Misses the Net.
10:36 of 1st period - Snap shot by Logan O'Connor.
10:36 of 1st period - Deflect By Dakota Joshua.
10:36 of 1st period - Shot Misses the Net.
10:36 of 1st period - Puck is out of play.
10:37 of 1st period - Sean Monahan wins face-off versus Dakota Joshua in Vegas Golden Knights zone.
10:45 of 1st period - Off-side.
10:46 of 1st period - Elias Pettersson wins face-off versus Sean Couturier in neutral zone.
10:53 of 1st period - Slapshot by Elias Pettersson.
10:53 of 1st period - Stopped by Cayden Primeau with a rebound.
10:55 of 1st period - Wrist shot by Elias Pettersson.
10:55 of 1st period - Stopped by Cayden Primeau without a rebound.
10:56 of 1st period - Sean Couturier wins face-off versus Jack Eichel in Vegas Golden Knights zone.
11:13 of 1st period - Wrist shot by Jack Eichel.
11:13 of 1st period - Shot Misses the Net.
11:15 of 1st period - Snap shot by Jake Sanderson.
11:15 of 1st period - Stopped by Cayden Primeau with a rebound.
11:17 of 1st period - Slapshot by Jake Sanderson.
11:17 of 1st period - Stopped by Cayden Primeau without a rebound.
11:18 of 1st period - Robert Thomas wins face-off versus Sean Monahan in Vegas Golden Knights zone.
11:19 of 1st period - Snap shot by Jake Guentzel.
11:19 of 1st period - Shot Misses the Net.
11:47 of 1st period - Off-side.
11:48 of 1st period - Auston Matthews wins face-off versus Jack Eichel in neutral zone.
12:05 of 1st period - Wrist shot by Bryan Rust.
12:05 of 1st period - Shot Misses the Net.
12:15 of 1st period - Ryan Graves is hit by Elias Lindholm and loses puck.
13:48 of 1st period - Snap shot by Sean Monahan.
13:48 of 1st period - Shot Misses the Net.
14:31 of 1st period - Off-side.
14:32 of 1st period - Sean Monahan wins face-off versus Jack Eichel in neutral zone.
16:03 of 1st period - Logan O'Connor is hit by Tyler Bertuzzi and loses puck.
16:32 of 1st period - Slapshot by Claude Giroux.
16:32 of 1st period - Stopped by Cayden Primeau without a rebound.
16:33 of 1st period - Auston Matthews wins face-off versus Claude Giroux in Vegas Golden Knights zone.
16:42 of 1st period - Slapshot by Roman Josi.
16:42 of 1st period - Shot Misses the Net.
17:11 of 1st period - Wrist shot by Mark Stone.
17:11 of 1st period - Stopped by Cayden Primeau with a rebound.
17:23 of 1st period - Slapshot by Roman Josi.
17:23 of 1st period - Shot Misses the Net.
17:25 of 1st period - Backhand shot by Pierre-edouard Bellemare.
17:25 of 1st period - Shot Misses the Net.
17:27 of 1st period - Snap shot by Ryan Graves.
17:27 of 1st period - Stopped by Connor Hellebuyck without a rebound.
17:28 of 1st period - Robert Thomas wins face-off versus Trevor Lewis in St.Louis Blues zone.
17:38 of 1st period - Minor Penalty to Trevor Lewis for Tripping.
17:39 of 1st period - Pierre-edouard Bellemare wins face-off versus Robert Thomas in Vegas Golden Knights zone.
18:21 of 1st period - Icing by Elias Lindholm.
18:22 of 1st period - Elias Lindholm wins face-off versus Pierre-edouard Bellemare in St.Louis Blues zone.
18:47 of 1st period - Wrist shot by Mark Stone.
18:47 of 1st period - Shot Misses the Net.
18:49 of 1st period - Slapshot by Jack Eichel.
18:49 of 1st period - Shot Blocked by Marc-Edouard Vlasic.
18:51 of 1st period - Slapshot by Claude Giroux.
18:51 of 1st period - Shot Blocked by Thomas Chabot.
18:53 of 1st period - Slapshot by Jack Eichel.
18:53 of 1st period - Stopped by Cayden Primeau with a rebound.
18:55 of 1st period - Slapshot by Jack Eichel.
18:55 of 1st period - Stopped by Cayden Primeau without a rebound.
18:56 of 1st period - Pierre-edouard Bellemare wins face-off versus Robert Thomas in Vegas Golden Knights zone.
18:56 of 1st period - Pierre-edouard Bellemare is hit by Elias Pettersson.
19:08 of 1st period - Slapshot by Alex Pietrangelo.
19:08 of 1st period - Deflect By Jake Guentzel.
19:08 of 1st period - Shot Misses the Net.
19:08 of 1st period - Puck is out of play.
19:09 of 1st period - Pierre-edouard Bellemare wins face-off versus Robert Thomas in Vegas Golden Knights zone.
19:38 of 1st period - Penalty to Trevor Lewis is over, Trevor Lewis is back on ice.
Goals for this period are 1 for Vegas Golden Knights vs 1 for St.Louis Blues.
Shots for this period are 6 for Vegas Golden Knights vs 11 for St.Louis Blues.
2nd period
0:01 of 2nd period - Jack Eichel wins face-off versus Sean Monahan in neutral zone.
0:08 of 2nd period - Slapshot by Elias Pettersson.
0:08 of 2nd period - Shot Blocked by Marc-Edouard Vlasic.
0:10 of 2nd period - Slapshot by Colton Parayko.
0:10 of 2nd period - Shot Blocked by Marc-Edouard Vlasic.
0:12 of 2nd period - Wrist shot by Elias Pettersson.
0:12 of 2nd period - Shot Blocked by Thomas Chabot.
0:14 of 2nd period - Wrist shot by Elias Pettersson.
0:14 of 2nd period - Deflect By Jack Eichel.
0:14 of 2nd period - Stopped by Cayden Primeau with a rebound.
0:16 of 2nd period - Slapshot by Alex Pietrangelo.
0:16 of 2nd period - Shot Blocked by Tyler Toffoli.
0:26 of 2nd period - Sean Monahan is hit by Elias Lindholm and loses puck.
0:33 of 2nd period - Wrist shot by Claude Giroux.
0:33 of 2nd period - Shot Blocked by Thomas Chabot.
0:39 of 2nd period - Slapshot by Sean Monahan.
0:39 of 2nd period - Stopped by Connor Hellebuyck with a rebound.
0:41 of 2nd period - Wrist shot by Tyler Bertuzzi.
0:41 of 2nd period - Stopped by Connor Hellebuyck without a rebound.
0:42 of 2nd period - Auston Matthews wins face-off versus Jack Eichel in St.Louis Blues zone.
0:43 of 2nd period - Wrist shot by Bryan Rust.
0:43 of 2nd period - Stopped by Connor Hellebuyck with a rebound.
0:57 of 2nd period - Auston Matthews is hit by Elias Pettersson and loses puck.
1:08 of 2nd period - John Marino is hit by Elias Lindholm and loses puck.
1:35 of 2nd period - Tage Thompson is hit by Ryan Graves and loses puck.
2:03 of 2nd period - Slapshot by Tyler Toffoli.
2:03 of 2nd period - Stopped by Connor Hellebuyck without a rebound.
2:04 of 2nd period - Jack Eichel wins face-off versus Sean Monahan in St.Louis Blues zone.
2:16 of 2nd period - Off-side.
2:17 of 2nd period - Jordan Staal wins face-off versus Jack Eichel in neutral zone.
2:51 of 2nd period - Auston Matthews is hit by Tage Thompson and loses puck.
3:26 of 2nd period - Jaccob Slavin is hit by Pierre-edouard Bellemare.
3:36 of 2nd period - Wrist shot by Logan O'Connor.
3:36 of 2nd period - Shot Misses the Net.
4:14 of 2nd period - Icing by Jake Sanderson.
4:15 of 2nd period - Sean Monahan wins face-off versus Jack Eichel in St.Louis Blues zone.
4:36 of 2nd period - Wrist shot by Mark Stone.
4:36 of 2nd period - Deflect By Jack Eichel.
4:36 of 2nd period - Stopped by Cayden Primeau with a rebound.
5:26 of 2nd period - Wrist shot by Mark Stone.
5:26 of 2nd period - Shot Misses the Net.
5:44 of 2nd period - Snap shot by Sean Monahan.
5:44 of 2nd period - Stopped by Connor Hellebuyck without a rebound.
5:45 of 2nd period - Robert Thomas wins face-off versus Reilly Smith in St.Louis Blues zone.
5:45 of 2nd period - Robert Thomas is hit by Auston Matthews.
6:39 of 2nd period - Snap shot by Trevor Lewis.
6:39 of 2nd period - Stopped by Connor Hellebuyck with a rebound.
6:41 of 2nd period - Slapshot by Ryan Graves.
6:41 of 2nd period - Shot Blocked by Dakota Joshua.
6:51 of 2nd period - Logan O'Connor is hit by Reilly Smith and loses puck.
7:08 of 2nd period - Wrist shot by Lars Eller.
7:08 of 2nd period - Goal by Lars Eller - Vegas Golden Knights : 1 - St.Louis Blues : 2.
7:09 of 2nd period - Robert Thomas wins face-off versus Bryan Rust in neutral zone.
7:12 of 2nd period - Auston Matthews is hit by Tage Thompson and loses puck.
7:21 of 2nd period - Slapshot by Thomas Chabot.
7:21 of 2nd period - Shot Misses the Net.
7:23 of 2nd period - Slapshot by Auston Matthews.
7:23 of 2nd period - Shot Blocked by Mikhail Sergachev.
7:25 of 2nd period - Snap shot by Auston Matthews.
7:25 of 2nd period - Shot Misses the Net.
7:55 of 2nd period - Trevor Lewis is hit by Mikhail Sergachev and loses puck.
8:00 of 2nd period - Snap shot by Robert Thomas.
8:00 of 2nd period - Shot Misses the Net.
8:02 of 2nd period - Snap shot by Tage Thompson.
8:02 of 2nd period - Shot Misses the Net.
8:08 of 2nd period - Robert Thomas is hit by Pierre-edouard Bellemare and loses puck.
8:17 of 2nd period - Slapshot by Shea Theodore.
8:17 of 2nd period - Shot Blocked by Tage Thompson.
8:19 of 2nd period - Slapshot by John Marino.
8:19 of 2nd period - Stopped by Connor Hellebuyck without a rebound.
8:20 of 2nd period - Jack Eichel wins face-off versus Auston Matthews in St.Louis Blues zone.
9:07 of 2nd period - Snap shot by Sean Couturier.
9:07 of 2nd period - Shot Misses the Net.
9:33 of 2nd period - Slapshot by Alex Pietrangelo.
9:33 of 2nd period - Stopped by Cayden Primeau without a rebound.
9:34 of 2nd period - Jack Eichel wins face-off versus Pierre-edouard Bellemare in Vegas Golden Knights zone.
9:41 of 2nd period - Wrist shot by Jack Eichel.
9:41 of 2nd period - Shot Misses the Net.
10:05 of 2nd period - Wrist shot by Danton Heinen.
10:05 of 2nd period - Goal by Danton Heinen - Vegas Golden Knights : 2 - St.Louis Blues : 2.
10:06 of 2nd period - Auston Matthews wins face-off versus Jack Eichel in neutral zone.
11:43 of 2nd period - Off-side.
11:44 of 2nd period - Auston Matthews wins face-off versus Jack Eichel in neutral zone.
11:59 of 2nd period - Snap shot by Elias Pettersson.
11:59 of 2nd period - Stopped by Cayden Primeau with a rebound.
12:01 of 2nd period - Snap shot by Jack Eichel.
12:01 of 2nd period - Stopped by Cayden Primeau with a rebound.
12:23 of 2nd period - Wrist shot by Robert Thomas.
12:23 of 2nd period - Shot Misses the Net.
12:25 of 2nd period - Slapshot by Colton Parayko.
12:25 of 2nd period - Stopped by Cayden Primeau without a rebound.
12:26 of 2nd period - Sean Couturier wins face-off versus Jack Eichel in Vegas Golden Knights zone.
12:37 of 2nd period - Snap shot by Jack Eichel.
12:37 of 2nd period - Shot Misses the Net.
12:39 of 2nd period - Slapshot by Colton Parayko.
12:39 of 2nd period - Stopped by Cayden Primeau with a rebound.
12:41 of 2nd period - Snap shot by Colton Parayko.
12:41 of 2nd period - Shot Misses the Net.
12:43 of 2nd period - Slapshot by Colton Parayko.
12:43 of 2nd period - Shot Blocked by Roman Josi.
12:53 of 2nd period - Claude Giroux is hit by Sean Monahan and loses puck.
13:00 of 2nd period - Wrist shot by Tyler Toffoli.
13:00 of 2nd period - Stopped by Connor Hellebuyck with a rebound.
13:02 of 2nd period - Slapshot by Tyler Toffoli.
13:02 of 2nd period - Stopped by Connor Hellebuyck without a rebound.
13:03 of 2nd period - Auston Matthews wins face-off versus Robert Thomas in St.Louis Blues zone.
13:04 of 2nd period - Snap shot by Bryan Rust.
13:04 of 2nd period - Shot Misses the Net.
13:06 of 2nd period - Wrist shot by Bryan Rust.
13:06 of 2nd period - Stopped by Connor Hellebuyck with a rebound.
13:08 of 2nd period - Backhand shot by Auston Matthews.
13:08 of 2nd period - Stopped by Connor Hellebuyck with a rebound.
13:14 of 2nd period - Snap shot by Auston Matthews.
13:14 of 2nd period - Stopped by Connor Hellebuyck with a rebound.
13:16 of 2nd period - Snap shot by Reilly Smith.
13:16 of 2nd period - Shot Hit the Post.
13:18 of 2nd period - Slapshot by Thomas Chabot.
13:18 of 2nd period - Shot Blocked by Jake Sanderson.
13:20 of 2nd period - Slapshot by Marc-Edouard Vlasic.
13:20 of 2nd period - Shot Misses the Net.
13:52 of 2nd period - Jake Sanderson is hit by Ryan Graves and loses puck.
13:56 of 2nd period - Off-side.
13:57 of 2nd period - Sean Monahan wins face-off versus Claude Giroux in neutral zone.
14:02 of 2nd period - Wrist shot by Tyler Toffoli.
14:02 of 2nd period - Shot Misses the Net.
14:04 of 2nd period - Wrist shot by Tyler Toffoli.
14:04 of 2nd period - Stopped by Connor Hellebuyck with a rebound.
14:06 of 2nd period - Snap shot by Ryan Graves.
14:06 of 2nd period - Stopped by Connor Hellebuyck without a rebound.
14:07 of 2nd period - Sean Couturier wins face-off versus Jack Eichel in St.Louis Blues zone.
14:12 of 2nd period - Backhand shot by Sean Couturier.
14:12 of 2nd period - Stopped by Connor Hellebuyck with a rebound.
14:14 of 2nd period - Wrist shot by Ryan Graves.
14:14 of 2nd period - Shot Misses the Net.
14:16 of 2nd period - Snap shot by Danton Heinen.
14:16 of 2nd period - Shot Misses the Net.
14:21 of 2nd period - Minor Penalty to Mark Stone for High sticking.
14:22 of 2nd period - Auston Matthews wins face-off versus Lars Eller in St.Louis Blues zone.
14:22 of 2nd period - Slapshot by Roman Josi.
14:22 of 2nd period - Shot Blocked by Jake Sanderson.
14:24 of 2nd period - Wrist shot by Bryan Rust.
14:24 of 2nd period - Shot Misses the Net.
14:26 of 2nd period - Wrist shot by Roman Josi.
14:26 of 2nd period - Deflect By Auston Matthews.
14:26 of 2nd period - Stopped by Connor Hellebuyck with a rebound.
14:28 of 2nd period - Slapshot by Roman Josi.
14:28 of 2nd period - Stopped by Connor Hellebuyck with a rebound.
15:35 of 2nd period - Icing by Sean Monahan.
15:36 of 2nd period - Elias Lindholm wins face-off versus Reilly Smith in Vegas Golden Knights zone.
16:21 of 2nd period - Penalty to Mark Stone is over, Mark Stone is back on ice.
16:57 of 2nd period - Wrist shot by Pierre-edouard Bellemare.
16:57 of 2nd period - Shot Misses the Net.
17:42 of 2nd period - Icing by Danton Heinen.
17:43 of 2nd period - Pierre-edouard Bellemare wins face-off versus Jack Eichel in Vegas Golden Knights zone.
18:10 of 2nd period - Shea Theodore is hit by Tage Thompson and loses puck.
18:45 of 2nd period - Snap shot by Claude Giroux.
18:45 of 2nd period - Stopped by Cayden Primeau without a rebound.
18:46 of 2nd period - Jack Eichel wins face-off versus Auston Matthews in Vegas Golden Knights zone.
18:55 of 2nd period - Snap shot by Elias Pettersson.
18:55 of 2nd period - Shot Misses the Net.
19:13 of 2nd period - Tyler Toffoli is hit by Alex Pietrangelo.
19:36 of 2nd period - Icing by Thomas Chabot.
19:37 of 2nd period - Sean Couturier wins face-off versus Jake Guentzel in Vegas Golden Knights zone.
19:37 of 2nd period - Sean Couturier is hit by Robert Thomas.
19:43 of 2nd period - Slapshot by Thomas Chabot.
19:43 of 2nd period - Shot Blocked by Nick Leddy.
19:45 of 2nd period - Backhand shot by Jordan Staal.
19:45 of 2nd period - Stopped by Connor Hellebuyck without a rebound.
19:46 of 2nd period - Jack Eichel wins face-off versus Auston Matthews in St.Louis Blues zone.
Goals for this period are 1 for Vegas Golden Knights vs 1 for St.Louis Blues.
Shots for this period are 19 for Vegas Golden Knights vs 9 for St.Louis Blues.
3rd period
0:01 of 3rd period - Jack Eichel wins face-off versus Auston Matthews in neutral zone.
0:20 of 3rd period - Icing by John Marino.
0:21 of 3rd period - Auston Matthews wins face-off versus Claude Giroux in Vegas Golden Knights zone.
0:42 of 3rd period - Slapshot by Bryan Rust.
0:42 of 3rd period - Deflect By Auston Matthews.
0:42 of 3rd period - Stopped by Connor Hellebuyck with a rebound.
0:44 of 3rd period - Slapshot by Shea Theodore.
0:44 of 3rd period - Shot Misses the Net.
0:46 of 3rd period - Wrist shot by Shea Theodore.
0:46 of 3rd period - Stopped by Connor Hellebuyck with a rebound.
0:48 of 3rd period - Slapshot by Shea Theodore.
0:48 of 3rd period - Stopped by Connor Hellebuyck with a rebound.
0:50 of 3rd period - Snap shot by Auston Matthews.
0:50 of 3rd period - Stopped by Connor Hellebuyck with a rebound.
0:52 of 3rd period - Slapshot by John Marino.
0:52 of 3rd period - Shot Misses the Net.
0:54 of 3rd period - Snap shot by Reilly Smith.
0:54 of 3rd period - Deflect By Alex Tuch.
0:54 of 3rd period - Shot Misses the Net.
0:54 of 3rd period - Puck is out of play.
0:55 of 3rd period - Sean Monahan wins face-off versus Jack Eichel in St.Louis Blues zone.
0:56 of 3rd period - Wrist shot by Tyler Toffoli.
0:56 of 3rd period - Shot Blocked by Elias Pettersson.
1:21 of 3rd period - Snap shot by Lars Eller.
1:21 of 3rd period - Shot Blocked by Marc-Edouard Vlasic.
1:23 of 3rd period - Slapshot by Lars Eller.
1:23 of 3rd period - Stopped by Cayden Primeau without a rebound.
1:24 of 3rd period - Robert Thomas wins face-off versus Sean Couturier in Vegas Golden Knights zone.
1:26 of 3rd period - Minor Penalty to Jordan Staal for Tripping.
1:27 of 3rd period - Sean Couturier wins face-off versus Robert Thomas in Vegas Golden Knights zone.
1:39 of 3rd period - Wrist shot by Curtis Lazar.
1:39 of 3rd period - Shot Misses the Net.
2:16 of 3rd period - John Marino is hit by Elias Pettersson and loses puck.
3:15 of 3rd period - Auston Matthews is hit by Robert Thomas and loses puck.
3:26 of 3rd period - Penalty to Jordan Staal is over, Jordan Staal is back on ice.
3:38 of 3rd period - Minor Penalty to Thomas Chabot for Hooking.
3:39 of 3rd period - Elias Pettersson wins face-off versus Pierre-edouard Bellemare in Vegas Golden Knights zone.
3:42 of 3rd period - Wrist shot by Elias Pettersson.
3:42 of 3rd period - Stopped by Cayden Primeau with a rebound.
3:44 of 3rd period - Snap shot by Jake Guentzel.
3:44 of 3rd period - Goal by Jake Guentzel - Vegas Golden Knights : 2 - St.Louis Blues : 3.
3:45 of 3rd period - Sean Couturier wins face-off versus Jack Eichel in neutral zone.
3:54 of 3rd period - Snap shot by Danton Heinen.
3:54 of 3rd period - Shot Misses the Net.
3:56 of 3rd period - Snap shot by Danton Heinen.
3:56 of 3rd period - Shot Misses the Net.
3:58 of 3rd period - Slapshot by Sean Couturier.
3:58 of 3rd period - Stopped by Connor Hellebuyck without a rebound.
3:59 of 3rd period - Sean Monahan wins face-off versus Robert Thomas in St.Louis Blues zone.
4:46 of 3rd period - Marc-Edouard Vlasic is hit by Elias Lindholm.
4:56 of 3rd period - Wrist shot by Elias Lindholm.
4:56 of 3rd period - Shot Misses the Net.
4:58 of 3rd period - Backhand shot by Alex Pietrangelo.
4:58 of 3rd period - Deflect By Claude Giroux.
4:58 of 3rd period - Goal by Claude Giroux - Vegas Golden Knights : 2 - St.Louis Blues : 4.
4:59 of 3rd period - Sean Monahan wins face-off versus Jack Eichel in neutral zone.
5:04 of 3rd period - Wrist shot by Sean Monahan.
5:04 of 3rd period - Stopped by Connor Hellebuyck without a rebound.
5:05 of 3rd period - Jack Eichel wins face-off versus Sean Monahan in St.Louis Blues zone.
5:18 of 3rd period - Backhand shot by Jaccob Slavin.
5:18 of 3rd period - Stopped by Cayden Primeau with a rebound.
5:20 of 3rd period - Wrist shot by Jack Eichel.
5:20 of 3rd period - Shot Misses the Net.
5:22 of 3rd period - Snap shot by Jack Eichel.
5:22 of 3rd period - Stopped by Cayden Primeau without a rebound.
5:23 of 3rd period - Sean Couturier wins face-off versus Tage Thompson in Vegas Golden Knights zone.
5:27 of 3rd period - Off-side.
5:28 of 3rd period - Robert Thomas wins face-off versus Sean Couturier in neutral zone.
5:31 of 3rd period - Wrist shot by Robert Thomas.
5:31 of 3rd period - Shot Blocked by Sean Couturier.
5:44 of 3rd period - Off-side.
5:45 of 3rd period - Auston Matthews wins face-off versus Jack Eichel in neutral zone.
5:56 of 3rd period - Colton Parayko is hit by Roman Josi and loses puck.
7:22 of 3rd period - Snap shot by Mark Stone.
7:22 of 3rd period - Shot Misses the Net.
7:24 of 3rd period - Slapshot by Jaccob Slavin.
7:24 of 3rd period - Shot Misses the Net.
8:21 of 3rd period - Off-side.
8:22 of 3rd period - Jack Eichel wins face-off versus Pierre-edouard Bellemare in neutral zone.
8:30 of 3rd period - Icing by Shea Theodore.
8:31 of 3rd period - Pierre-edouard Bellemare wins face-off versus Mark Stone in Vegas Golden Knights zone.
8:40 of 3rd period - Snap shot by Pierre-edouard Bellemare.
8:40 of 3rd period - Stopped by Connor Hellebuyck with a rebound.
8:42 of 3rd period - Snap shot by Pierre-edouard Bellemare.
8:42 of 3rd period - Goal by Pierre-edouard Bellemare - Vegas Golden Knights : 3 - St.Louis Blues : 4.
8:43 of 3rd period - Elias Pettersson wins face-off versus Auston Matthews in neutral zone.
8:45 of 3rd period - Minor Penalty to Jack Eichel for High sticking.
8:46 of 3rd period - Elias Lindholm wins face-off versus Sean Monahan in St.Louis Blues zone.
9:00 of 3rd period - Wrist shot by Sean Monahan.
9:00 of 3rd period - Stopped by Connor Hellebuyck with a rebound.
9:02 of 3rd period - Snap shot by Tyler Toffoli.
9:02 of 3rd period - Stopped by Connor Hellebuyck with a rebound.
10:45 of 3rd period - Penalty to Jack Eichel is over, Jack Eichel is back on ice.
11:16 of 3rd period - Curtis Lazar is hit by Colton Parayko and loses puck.
11:23 of 3rd period - Slapshot by Marc-Edouard Vlasic.
11:23 of 3rd period - Deflect By Trevor Lewis.
11:23 of 3rd period - Shot Blocked by Elias Pettersson.
11:23 of 3rd period - Puck is out of play.
11:24 of 3rd period - Sean Couturier wins face-off versus Jack Eichel in St.Louis Blues zone.
11:33 of 3rd period - Wrist shot by Jack Eichel.
11:33 of 3rd period - Stopped by Cayden Primeau with a rebound.
11:39 of 3rd period - Mikhail Sergachev is hit by Sean Couturier.
12:15 of 3rd period - Snap shot by Tage Thompson.
12:15 of 3rd period - Deflect By Robert Thomas.
12:15 of 3rd period - Shot Misses the Net.
12:15 of 3rd period - Puck is out of play.
12:16 of 3rd period - Pierre-edouard Bellemare wins face-off versus Jack Eichel in Vegas Golden Knights zone.
12:16 of 3rd period - Pierre-edouard Bellemare is hit by Elias Pettersson.
12:30 of 3rd period - Slapshot by Mark Stone.
12:30 of 3rd period - Stopped by Cayden Primeau with a rebound.
12:46 of 3rd period - Slapshot by Shea Theodore.
12:46 of 3rd period - Shot Misses the Net.
12:48 of 3rd period - Slapshot by Shea Theodore.
12:48 of 3rd period - Deflect By Sean Monahan.
12:48 of 3rd period - Goal by Sean Monahan - Vegas Golden Knights : 4 - St.Louis Blues : 4.
12:49 of 3rd period - Sean Monahan wins face-off versus Jack Eichel in neutral zone.
12:54 of 3rd period - Snap shot by Sean Monahan.
12:54 of 3rd period - Deflect By Alex Pietrangelo.
12:54 of 3rd period - Shot Misses the Net.
12:54 of 3rd period - Puck is out of play.
12:55 of 3rd period - Jack Eichel wins face-off versus Sean Monahan in St.Louis Blues zone.
13:34 of 3rd period - Slapshot by Roman Josi.
13:34 of 3rd period - Shot Misses the Net.
14:10 of 3rd period - Slapshot by Jack Eichel.
14:10 of 3rd period - Stopped by Cayden Primeau without a rebound.
14:11 of 3rd period - Jordan Staal wins face-off versus Mark Stone in Vegas Golden Knights zone.
14:18 of 3rd period - Snap shot by Sean Couturier.
14:18 of 3rd period - Stopped by Connor Hellebuyck without a rebound.
14:19 of 3rd period - Jack Eichel wins face-off versus Bryan Rust in St.Louis Blues zone.
14:32 of 3rd period - Jack Eichel is hit by John Marino and loses puck.
14:52 of 3rd period - Snap shot by Alex Tuch.
14:52 of 3rd period - Stopped by Cayden Primeau with a rebound.
14:54 of 3rd period - Slapshot by Colton Parayko.
14:54 of 3rd period - Deflect By Tyler Toffoli.
14:54 of 3rd period - Stopped by Cayden Primeau without a rebound.
14:55 of 3rd period - Robert Thomas wins face-off versus Auston Matthews in Vegas Golden Knights zone.
15:10 of 3rd period - Slapshot by Bryan Rust.
15:10 of 3rd period - Stopped by Connor Hellebuyck with a rebound.
15:18 of 3rd period - Minor Penalty to Tage Thompson for Tripping.
15:19 of 3rd period - Auston Matthews wins face-off versus Elias Lindholm in St.Louis Blues zone.
15:27 of 3rd period - Icing by Roman Josi.
15:28 of 3rd period - Auston Matthews wins face-off versus Lars Eller in Vegas Golden Knights zone.
17:14 of 3rd period - Jake Sanderson is hit by Danton Heinen and loses puck.
17:18 of 3rd period - Penalty to Tage Thompson is over, Tage Thompson is back on ice.
17:28 of 3rd period - Minor Penalty to Curtis Lazar for Tripping.
17:29 of 3rd period - Robert Thomas wins face-off versus Pierre-edouard Bellemare in Vegas Golden Knights zone.
17:33 of 3rd period - Snap shot by Robert Thomas.
17:33 of 3rd period - Shot Blocked by Thomas Chabot.
17:35 of 3rd period - Slapshot by Elias Pettersson.
17:35 of 3rd period - Stopped by Cayden Primeau without a rebound.
17:36 of 3rd period - Pierre-edouard Bellemare wins face-off versus Robert Thomas in Vegas Golden Knights zone.
17:36 of 3rd period - Pierre-edouard Bellemare is hit by Jake Guentzel.
17:44 of 3rd period - Slapshot by Trevor Lewis.
17:44 of 3rd period - Shot Blocked by Jack Eichel.
17:50 of 3rd period - Thomas Chabot is hit by Jake Guentzel and loses puck.
18:12 of 3rd period - Snap shot by Robert Thomas.
18:12 of 3rd period - Stopped by Cayden Primeau with a rebound.
18:14 of 3rd period - Wrist shot by Robert Thomas.
18:14 of 3rd period - Shot Misses the Net.
18:16 of 3rd period - Slapshot by Robert Thomas.
18:16 of 3rd period - Shot Misses the Net.
18:18 of 3rd period - Snap shot by Jake Guentzel.
18:18 of 3rd period - Goal by Jake Guentzel - Vegas Golden Knights : 4 - St.Louis Blues : 5.
18:19 of 3rd period - Claude Giroux wins face-off versus Sean Couturier in neutral zone.
18:22 of 3rd period - Ryan Graves is hit by Colton Parayko and loses puck.
18:35 of 3rd period - Vegas Golden Knights, Cayden Primeau is pulled from the net.
18:35 of 3rd period - Snap shot by Danton Heinen.
18:35 of 3rd period - Shot Blocked by Claude Giroux.
18:41 of 3rd period - Ryan Graves is hit by Alex Tuch and loses puck.
19:28 of 3rd period - Slapshot by Sean Monahan.
19:28 of 3rd period - Deflect By Auston Matthews.
19:28 of 3rd period - Stopped by Connor Hellebuyck with a rebound.
19:30 of 3rd period - Slapshot by Roman Josi.
19:30 of 3rd period - Shot Misses the Net.
19:32 of 3rd period - Snap shot by Bryan Rust.
19:32 of 3rd period - Goal by Bryan Rust - Vegas Golden Knights : 5 - St.Louis Blues : 5.
19:32 of 3rd period - Cayden Primeau from Vegas Golden Knights was sent back in the game.
19:33 of 3rd period - Robert Thomas wins face-off versus Sean Couturier in neutral zone.
19:38 of 3rd period - Wrist shot by Jake Guentzel.
19:38 of 3rd period - Shot Misses the Net.
19:42 of 3rd period - Slapshot by Jake Guentzel.
19:42 of 3rd period - Stopped by Cayden Primeau with a rebound.
19:44 of 3rd period - Slapshot by Jaccob Slavin.
19:44 of 3rd period - Deflect By Robert Thomas.
19:44 of 3rd period - Stopped by Cayden Primeau with a rebound.
19:46 of 3rd period - Snap shot by Tage Thompson.
19:46 of 3rd period - Stopped by Cayden Primeau with a rebound.
19:48 of 3rd period - Wrist shot by Robert Thomas.
19:48 of 3rd period - Stopped by Cayden Primeau with a rebound.
19:50 of 3rd period - Slapshot by Tage Thompson.
19:50 of 3rd period - Shot Misses the Net.
Goals for this period are 3 for Vegas Golden Knights vs 3 for St.Louis Blues.
Shots for this period are 15 for Vegas Golden Knights vs 18 for St.Louis Blues.
Overtime #1
0:01 of 1st overtime period - Jack Eichel wins face-off versus Auston Matthews in neutral zone.
0:04 of 1st overtime period - Wrist shot by Jake Sanderson.
0:04 of 1st overtime period - Deflect By Jack Eichel.
0:04 of 1st overtime period - Goal by Jack Eichel - Vegas Golden Knights : 5 - St.Louis Blues : 6.
Goals for this period are 0 for Vegas Golden Knights vs 1 for St.Louis Blues.
Shots for this period are 0 for Vegas Golden Knights vs 1 for St.Louis Blues.
Back to the Top